cohdb
Replays
Latest Replays
All Replays
Popular Replays
Top Player Replays
Match Explorer
How It Works
Community
CoH3 Stats
Reddit
Sign in to upload your games and track your stats! →
Sign in with Steam
Match 44279467
Unlisted
Match 44279467
Overview
Messages
Build Orders
End
Selects Airborne Battlegroup
Selects Pathfinders
Construct Barracks
Riflemen Squad
Riflemen Squad
Riflemen Squad
Selects Paratrooper Squad Paradrop
Paratrooper Squad Paradrop
Construct Medical Station
Infantry Support Center
Grenade Package
Selects Smoke Bombing Run
M1918 Browning Automatic Rifles
Paratrooper Squad Paradrop
Smoke Bombing Run
Construct Tank Depot
Selects Anti-tank Gun Team Paradrop
M4(105) Sherman Bulldozer
Anti-tank Gun Team Paradrop
Selects Supply Drop
Engineer Squad
Frixell
hiroshikuo27
CAN
SPANTAN6
Joraad
Inspector Fritz
Moon-Man--14
Tigerlimo_78
0
0
Comments
sign in to comment!
No comments posted yet!